 Dungeon Crawl Stone Soup version 0.29.1-12-g30fa7ad0bf (webtiles) character file.

Game seed: 44090802294560068

59 kingofthe the Stinger (level 3, -2/19 HPs)
             Began as a Deep Elf Venom Mage on Jan 16, 2023.
             Slain by a gnoll
             ... wielding a +0 halberd
              (12 damage)
             ... on level 2 of the Dungeon.
             The game lasted 00:08:44 (2022 turns).

kingofthe the Stinger (Deep Elf Venom Mage)         Turns: 2022, Time: 00:08:46

Health: -2/19      AC:  4    Str:  5    XL:     3   Next: 78%
Magic:  6/10       EV: 13    Int: 19    God:
Gold:   75         SH:  0    Dex: 17    Spells: 3/9 levels left

rFire   + . .      SeeInvis .   (no weapon)
rCold   + . .      Faith    .   (no shield)
rNeg    . . .      Spirit   .   a - +0 robe
rPois   .          Reflect  .   l - +0 helmet
rElec   .          Harm     .   (no cloak)
rCorr   .          Rampage  .   f - +0 pair of gloves
Will    .....                   (no boots)
Stlth   +++.......              (no amulet)
HPRegen 0.06/turn               d - ring of protection from fire
MPRegen 0.12/turn               j - ring of protection from cold

@: no status effects
A: no striking features
a: no special abilities


You were on level 2 of the Dungeon.
You visited 1 branch of the dungeon, and saw 2 of its levels.

You collected 75 gold pieces.

Inventory:

Armour
 a - a +0 robe (worn)
 f - a +0 pair of gloves (worn)
 l - a +0 helmet (worn)
Jewellery
 d - a ring of protection from fire (left hand)
 j - a ring of protection from cold (right hand)
Scrolls
 g - a scroll of blinking {unknown}
 h - a scroll of noise {unknown}
 i - a scroll of butterflies {unknown}
Potions
 b - 2 potions of magic
 c - 2 potions of might {unknown}
 e - a potion of haste {unknown}
 k - a potion of attraction {unknown}


   Skills:
 + Level 3.1 Dodging
 - Level 3.5 Stealth
 + Level 3.7 Spellcasting
 - Level 1.1 Transmutations
 + Level 0.5 Air Magic
 + Level 3.8 Poison Magic


You had 3 spell levels left.
You knew the following spells:

 Your Spells              Type           Power      Damage    Failure   Level
a - Sting                 Tmut/Pois      48%        1d5       5%          1
b - Poisonous Vapours     Pois/Air       22%        N/A       9%          2
c - Mephitic Cloud        Conj/Pois/Air  9%         N/A       24%         3

Your spell library contained the following spells:

 Spells                   Type           Power      Damage    Failure   Level
 Apportation              Tloc           6%         N/A       14%         1
 Necrotise                Necr           12%        1d4       14%         1
 Summon Small Mammal      Summ           12%        N/A       14%         1
 Olgreb's Toxic Radiance  Pois           18%        N/A       28%         4


Dungeon Overview and Level Annotations

Branches:
Dungeon (2/15)

Altars:

Annotations:
D:2 Sigmund


Message History

The gnoll is moderately wounded.
Casting: Sting (safe; 5% risk of failure)
Confirm with . or Enter, or press ? or * to list all spells.
Aiming: Sting (safe; 5% risk of failure)
Press: ? - help, Shift-Dir - straight line, f/p - gnoll
Aim: a gnoll, wielding a +0 club (moderately wounded, very poisoned, 75% to hit)
The sting hits the gnoll.
The gnoll looks even sicker.
The gnoll is heavily wounded.
You kill the gnoll!
A gnoll comes into view. It is wielding a +0 halberd.
The gnoll moves out of view.
The gnoll shouts!
Things that are here:
a +0 club; a throwing net
Casting: Sting (safe; 5% risk of failure)
Confirm with . or Enter, or press ? or * to list all spells.
Aiming: Sting (safe; 5% risk of failure)
Press: ? - help, Shift-Dir - straight line, f - gnoll
Aim: a gnoll, wielding a +0 club (75% to hit)
The sting hits the gnoll but does no damage.
The gnoll is poisoned.
The rat twitches its whiskers.
The gnoll attacks as you move away! The gnoll hits you with a +0 club.
The gnoll attacks as you move away! The gnoll barely misses you.
The gnoll looks more healthy.
The gnoll attacks as you move away! The gnoll hits you with a +0 club.
You see here a hobgoblin corpse.
The gnoll attacks as you move away! The gnoll hits you with a +0 club.
Things that are here:
a +0 spear; a gnoll corpse The gnoll attacks as you move away!
The gnoll closely misses you.
Casting: Sting (safe; 5% risk of failure)
Confirm with . or Enter, or press ? or * to list all spells.
Aiming: Sting (safe; 5% risk of failure)
Press: ? - help, Shift-Dir - straight line, f/p - gnoll
Aim: a gnoll, wielding a +0 club (75% to hit)
The sting misses the gnoll.
The gnoll closely misses you.
The gnoll hits you from afar with a +0 halberd!
Ouch! That really hurt!
You die...

#....>....#####.#
#.##.##......#####g####.#
#............#..........#
#.##.#.#.......###.###### ..
#.........#####.# #
####...r........#
####g######### #g# ##### #@#
##§§§# #.#########§.§§#
#.##.[.....§.§.#
#.##.####..#..## #####
#.##.# #..#.## #...######
#.##.####..#.# #.#......#
##.##.#.......# #...#.##.#
##...#.#.##....#
##.##.##.####......#.##....#


You could see 2 gnolls and a rat.

Vanquished Creatures
  2 gnolls (D:2)
  5 ball pythons (D:1)
  A bat (D:2)
  3 endoplasms
  2 giant cockroaches (D:1)
  3 goblins (D:1)
  3 hobgoblins
  4 jackals (D:1)
  2 quokkas (D:1)
  3 frilled lizards
  4 kobolds (D:1)
  5 rats
37 creatures vanquished.

Notes
Turn   | Place    | Note
-------+----------+-------------------------------------------
     0 | D:1      | kingofthe the Deep Elf Venom Mage began the quest for the
                  | Orb.
     0 | D:1      | Reached XP level 1. HP: 10/10 MP: 6/6
   352 | D:1      | Reached XP level 2. HP: 14/15 MP: 1/8
   355 | D:1      | Learned a level 2 spell: Poisonous Vapours
  1123 | D:1      | Reached XP level 3. HP: 19/19 MP: 6/9
  1623 | D:2      | Learned a level 3 spell: Mephitic Cloud
  1811 | D:2      | Noticed Sigmund
  1833 | D:2      | Found a faded altar of an unknown god.
  2022 | D:2      | Slain by a gnoll

Illustrated notes

Levels and vault maps discovered:
D:1:      nicolae_arrival_washed_ashore, layout_basic
D:2:      layout_loops_corners, ebering_ecumenical_altar_mist, uniq_sigmund

Skill      XL: |  1  2  3 |
---------------+----------+-----
Stealth        | 3 |  3.5
Dodging        | 3 |  3.1
Spellcasting   | |  3.7
Transmutations | |  1.1
Air Magic      | |  0.5
Poison Magic   | |  3.8

Action                   || total
-------------------------++-------
 Cast: Sting             ||    72
       Poisonous Vapours ||     6
Armor: Robe              ||    13
Dodge: Dodged            ||    38
